 Dungeon Crawl Stone Soup version 0.15.0-2-gd176ec0 (webtiles) character file.

475 tkappleton the Slasher (level 7, -1/49 HPs)
             Began as an Octopode Berserker on Aug 29, 2014.
             Was an Elder of Trog.
             Slain by an ogre
             ... wielding a +0 giant club
              (20 damage)
             ... on Level 4 of the Dungeon on Aug 30, 2014.
             The game lasted 00:33:12 (4437 turns).

tkappleton the Slasher (Octopode Berserker)         Turns: 4437, Time: 00:33:12

HP  -1/49        AC  1     Str 16      XL: 7   Next: 10%
MP   7/7         EV 16     Int  9      God: Trog [****..]
Gold 191         SH  0     Dex 14      Spells:  0 memorised,  6 levels left

rFire  . . .     SeeInvis .     b - +0 hunting sling
rCold  . . .     Clarity  .     (no shield)
rNeg   . . .     rCorr    .     (helmet restricted)
rPois  .         rRot     .     (no amulet)
rElec  .         Spirit   .     t - +3 ring of evasion
SustAb .         Warding  .     z - ring of stealth
rMut   .         Stasis   .     (no ring)
Gourm  .                        (no ring)
MR     ++...                    (no ring)
                                (no ring)
                                (no ring)
                                (no ring)

@: regenerating, very resistant to hostile enchantments, quite stealthy
A: almost no armour, amphibious, 8 rings, constrict 8, camouflage 1, gelatinous
body 1
a: Burn Spellbooks, Berserk, Trog's Hand, Brothers in Arms, Renounce Religion


You were on level 4 of the Dungeon.
You worshipped Trog.
Trog was greatly pleased with you.
You were not hungry.

You visited 1 branch of the dungeon, and saw 5 of its levels.

You collected 191 gold pieces.

Inventory:

Hand weapons
 a - a +1 falchion
 b - a +0 hunting sling (weapon)
 l - a +3 dagger
 v - a +0 falchion
Missiles
 i - 9 tomahawks
 r - 130 stones
 s - 10 sling bullets
 w - 17 silver sling bullets
 B - a poisoned sling bullet (quivered)
Magical devices
 y - a wand of lightning (7)
Comestibles
 c - 4 bread rations
 d - 4 fruits
 h - 4 meat rations
 o - a beef jerky
 x - a slice of pizza
Scrolls
 e - a scroll of remove curse
 f - a scroll of enchant weapon
 g - a scroll of identify
Jewellery
 t - a +3 ring of evasion (left tentacle)
 z - a ring of stealth (right tentacle)
Potions
 j - 3 potions of brilliance {unknown}
 k - 2 potions of curing {unknown}
 n - a potion of magic {unknown}
 p - a potion of resistance {unknown}
 q - a potion of might {unknown}
 u - a potion of heal wounds {unknown}


   Skills:
 + Level 4.8 Fighting
 - Level 4.9 Long Blades
 + Level 2.8 Slings
 - Level 3.0 Dodging
 + Level 4.6 Stealth


You had 6 spell levels left.
You didn't know any spells.

Dungeon Overview and Level Annotations

Branches:
Dungeon (5/15)
 Temple: D:4-7

Altars:
Okawaru
Qazlal
The Shining One


Innate Abilities, Weirdness & Mutations

You cannot wear most types of armour.
You are amphibious.
You can wear up to eight rings at the same time.
You can use your tentacles to constrict many enemies at once.
Your skin changes colour to match your surroundings (Stealth).
Your rubbery body absorbs attacks (AC +1).


Message History

You shoot a poisoned sling bullet.
The poisoned sling bullet barely misses the ogre.
Firing (i - inventory. (,) - cycle):
B - 2 poisoned sling bullets (quivered)
Press: ? - help, Shift-Dir - straight line, f/p - ogre
Aim: an ogre, wielding a giant club You shoot a poisoned sling bullet.
The poisoned sling bullet hits the ogre.
The ogre is poisoned.
The ogre is lightly wounded.
The ogre hits you with a giant club!!
Ouch! That really hurt!
You climb upwards.
There is a stone staircase leading down here.
Use which ability? (? or * to list)
Your skin crawls.
You feel resistant to hostile enchantments.
You feel slightly more hungry.
Use which ability? (? or * to list)
You fail to use your ability.
The ogre hits you with a giant club!!
You die...

#.######........# #.....>. #.#
#........# ####....... #.#
#........# #.......... #.#
#........# #.....8.... #.#
#......)<# #..........
##.######........######.......###
#................................
################.#####...........
#@O...............
########.......... #..........
#.......... ######..... ######


You could see an ogre.

Vanquished Creatures
  An ogre (D:4)
  3 orc wizards
  A hound (D:4)
  3 iguanas (D:4)
  6 adders
  A shadow imp (D:3)
  A giant mite (D:3)
  2 worms
  An inept feature mimic (D:4)
  An orc skeleton (D:4)
  14 orcs
  A ball python (D:1)
  9 bats
  4 giant cockroaches
  9 hobgoblins
  8 jackals (D:2)
  11 kobolds
  2 oozes
  2 giant geckos
  6 giant newts
  10 goblins
  A quokka skeleton (D:4)
  7 rats
  A plant (D:4)
105 creatures vanquished.

Notes
Turn   | Place    | Note
--------------------------------------------------------------
     0 | D:1      | tkappleton, the Octopode Berserker, began the quest for the Orb.
     0 | D:1      | Reached XP level 1. HP: 16/16 MP: 1/1
   117 | D:1      | Reached XP level 2. HP: 21/21 MP: 2/2
   452 | D:1      | Acquired Trog's second power
   931 | D:1      | Reached skill level 4 in Long Blades
  1080 | D:2      | Reached XP level 3. HP: 26/26 MP: 3/3
  1391 | D:2      | Found a glowing golden altar of the Shining One.
  1604 | D:2      | Reached XP level 4. HP: 31/31 MP: 4/4
  1983 | D:3      | Reached skill level 1 in Stealth
  2036 | D:3      | Reached skill level 1 in Slings
  2036 | D:3      | Reached XP level 5. HP: 32/36 MP: 5/5
  3161 | D:4      | Received a gift from Trog
  3165 | D:4      | Acquired Trog's third power
  3425 | D:4      | Noticed an ogre
  3432 | D:4      | Killed an ogre
  3432 | D:4      | Reached XP level 6. HP: 43/43 MP: 6/6
  3619 | D:4      | Found a stormy altar of Qazlal.
  3619 | D:4      | Found an iron altar of Okawaru.
  3959 | D:4      | Reached XP level 7. HP: 35/49 MP: 7/7
  4429 | D:5      | Entered Level 5 of the Dungeon
  4437 | D:4      | Slain by an ogre

Action                   |  1- 3 |  4- 6 |  7- 9 || total
-------------------------+-------+-------+-------++-------
Melee: Falchion          |    70 |    68 |    24 ||   162
 Fire: Hunting sling     |     5 |    69 |    15 ||    89
Throw: Tomahawk          |       |     6 |       ||     6
Invok: Trog's Hand       |       |     2 |     1 ||     3
  Use: Scroll            |       |     5 |     1 ||     6
 Stab: Sleeping          |     1 |     1 |       ||     2
  Eat: Chunk             |     2 |     7 |     2 ||    11
